 Dungeon Crawl Stone Soup version 0.18.1-50-g88ac8fd (webtiles) character file.

78 Mesmaeker13 the Conjurer (level 4, -2/30 HPs)
             Began as a Demonspawn Conjurer on Oct 23, 2016.
             Slain by a worm (10 damage)
             ... on level 3 of the Dungeon.
             The game lasted 00:04:59 (2996 turns).

Mesmaeker13 the Conjurer (Demonspawn Conjurer)      Turns: 2996, Time: 00:05:00

Health: -2/30      AC:  3    Str:  9    XL:     4   Next: 15%
Magic:  2/8        EV: 12    Int: 17    God:
Gold:   111        SH:  0    Dex: 13    Spells: 2 memorised, 6 levels left

rFire  . . .     SeeInvis .     m - +0 rapier
rCold  . . .     Gourm    .     a - +0 robe
rNeg   . . .     Faith    .     (no shield)
rPois  .         Spirit   .     (no helmet)
rElec  .         Dismiss  .     j - +0 cloak
rCorr  .         Reflect  .     (no gloves)
SustAt .         Harm     .     (no boots)
MR     .....                    (no amulet)
Stlth  ++........               (no ring)
                                (no ring)

@: not resistant to hostile enchantments, unstealthy
A: demonic guardian 1
a: no special abilities


You were on level 3 of the Dungeon.
You were not hungry.

You visited 1 branch of the dungeon, and saw 3 of its levels.

You collected 111 gold pieces.

Inventory:

Hand Weapons
 m - a +0 rapier (weapon)
Armour
 a - a +0 robe (worn)
 j - a +0 cloak (worn)
Scrolls
 f - a scroll of identify
 g - a scroll of remove curse
 h - 2 scrolls of teleportation {unknown}
 l - a scroll of amnesia {unknown}
 n - a scroll of blinking {unknown}
Potions
 d - a potion of degeneration
 e - a potion of curing
 o - a potion of flight {unknown}
Books
 b - a book of Conjurations

   Spells                             Type                      Level
   a - Magic Dart                     Conjuration                  1
   b - Searing Ray                    Conjuration                  2
   c - Dazzling Spray                 Conjuration/Hexes            3
   d - Fulminant Prism                Conjuration/Hexes            4
   e - Iskenderun's Mystic Blast      Conjuration                  4
   f - Iskenderun's Battlesphere      Conjuration/Charms           5
Comestibles
 c - a bread ration
 i - a beef jerky
 k - 2 meat rations


   Skills:
 - Level 1.7 Dodging
 - Level 1.7 Stealth
 + Level 3.2 Spellcasting
 + Level 4.9 Conjurations


You had 6 spell levels left.
You knew the following spells:

 Your Spells              Type           Power        Failure   Level  Hunger
a - Magic Dart            Conj           ###.         2%          1    None
b - Searing Ray           Conj           ###...       3%          2    ##.....


Dungeon Overview and Level Annotations

Branches:
Dungeon (3/15)

Altars:

Annotations:
D:3 Mesmaeker13's ghost, weakling DsCj


Innate Abilities, Weirdness & Mutations

A weak demonic guardian rushes to your aid.


Message History

The worm is severely wounded.
The worm bites you but does no damage.
You barely miss the worm.
The worm is severely wounded.
You hit the worm.
The worm is severely wounded.
The worm bites you but does no damage.
You barely miss the worm.
The worm is severely wounded.
The worm bites you.
You hit the worm.
The worm is severely wounded.
You hit the worm.
The worm is severely wounded.
The worm bites you!
* * * LOW HITPOINT WARNING * * *
You hit the worm.
The worm is severely wounded.
The worm bites you!
You die...

..#.##..###.##.##.#
.. ##..# #.#.#.#.#
... ....#
#..###.)######## .
..##..#
#.#.#.....†.....
...#..#
#.##..##########
......###.##..#
#.##...)......#
#.........#...#
......w@.........
....#####........
... ###...... #.
#..#### # ..# ##


You could see a worm.

Vanquished Creatures
  3 adders (D:2)
  2 oozes
  2 dart slugs
  An orc (D:3)
  5 bats
  4 giant cockroaches (D:2)
  4 goblins
  4 hobgoblins
  A kobold (D:3)
  2 quokkas (D:2)
  2 ball pythons (D:2)
  3 giant newts
  5 rats
38 creatures vanquished.

Notes
Turn   | Place    | Note
--------------------------------------------------------------
     0 | D:1      | Mesmaeker13 the Demonspawn Conjurer began the quest for the Orb.
     0 | D:1      | Reached XP level 1. HP: 13/13 MP: 3/3
   733 | D:1      | Gained mutation: A weak demonic guardian rushes to your aid. [demonic ancestry]
   733 | D:1      | Reached XP level 2. HP: 19/19 MP: 5/5
  1249 | D:2      | Reached XP level 3. HP: 15/24 MP: 2/7
  1583 | D:2      | Learned a level 2 spell: Searing Ray
  2464 | D:3      | Reached XP level 4. HP: 26/30 MP: 2/8
  2591 | D:3      | Noticed Mesmaeker13's ghost (weakling DsCj)
  2996 | D:3      | Slain by a worm

Skill      XL: |  1  2  3 |
---------------+----------+-----
Spellcasting   | 3 |  3.2
Dodging        | |  1.7
Stealth        | |  1.7
Conjurations   | |  4.9

Action                   |  1- 3 |  4- 6 || total
-------------------------+-------+-------++-------
Melee: Hand axe          |    32 |       ||    32
       Rapier            |    20 |    21 ||    41
 Cast: Magic Dart        |    30 |     2 ||    32
       Searing Ray       |     3 |     3 ||     6
  Use: Scroll            |     1 |     2 ||     3
 Stab: Sleeping          |     4 |       ||     4
  Eat: Chunk             |     5 |       ||     5
       Bread ration      |       |     1 ||     1
Armor: Robe              |    20 |     4 ||    24
Dodge: Dodged            |    36 |    12 ||    48
